 Dungeon Crawl Stone Soup version 0.29-a0-40-g8eb35efe60 (webtiles) character file.

Game seed: 2747215692167755338

1253 TrogsFancyHat the Digger (level 8, -10/50 HPs)
             Began as an Octopode Earth Elementalist on Feb 1, 2022.
             Was an Initiate of Vehumet.
             Mangled by Duvessa (14 damage)
             ... on level 4 of the Dungeon.
             The game lasted 00:17:12 (6652 turns).

TrogsFancyHat the Digger (OpEE)                     Turns: 6652, Time: 00:17:12

Health: -10/50     AC:  1    Str:  7    XL:     8   Next: 51%
Magic:  1/15       EV: 13    Int: 20    God:    Vehumet [......]
Gold:   229        SH:  0    Dex: 12    Spells: 6/16 levels left

rFire   . . .      SeeInvis .   i - +2 battleaxe (holy)
rCold   . . .      Faith    .   (shield currently unavailable)
rNeg    . . .      Spirit   .   (helmet restricted)
rPois   .          Reflect  .   h - amulet of regeneration
rElec   .          Harm     .   (no ring)
rCorr   .          Rampage  .   (no ring)
Will    .....                   (no ring)
Stlth   +++.......              (no ring)
HPRegen 0.96/turn               (no ring)
MPRegen 0.14/turn               (no ring)
                                (no ring)
                                (no ring)

@: no status effects
A: almost no armour, amphibious, 8 rings, camouflage 1, gelatinous body 1,
(nimble swimmer 1), tentacles
a: Renounce Religion


You were on level 4 of the Dungeon.
You worshipped Vehumet.
Vehumet was noncommittal.
You visited 2 branches of the dungeon, and saw 7 of its levels.

You collected 249 gold pieces.
You spent 20 gold pieces at shops.

Inventory:

Hand Weapons
 i - a +2 battleaxe of holy wrath (weapon)
Missiles
 b - 20 stones
Magical Staves
 e - a staff of air
Jewellery
 h - an amulet of regeneration (around mantle)
 r - a ring of ice
Wands
 o - a wand of mindburst (13)
Scrolls
 a - 3 scrolls of amnesia {unknown}
 c - 2 scrolls of fog {unknown}
 f - a scroll of magic mapping {unknown}
 j - 3 scrolls of identify
 l - 3 scrolls of torment {unknown}
 n - a scroll of holy word {unknown}
 p - a scroll of enchant weapon {unknown}
 q - 2 scrolls of teleportation {unknown}
Potions
 d - 2 potions of heal wounds {unknown}
 g - a potion of mutation {unknown}
 k - 3 potions of curing {unknown}
 m - a potion of degeneration {unknown}


   Skills:
 + Level 2.2 Fighting
 - Level 2.4 Dodging
 - Level 3.3 Stealth
 + Level 4.9 Spellcasting
 + Level 4.5 Conjurations
 - Level 1.5 Transmutations
 + Level 5.8 Earth Magic
 * Level 4.1 Poison Magic


You had 6 spell levels left.
You knew the following spells:

 Your Spells              Type           Power      Damage    Failure   Level
a - Sandblast             Erth           56%        2d13      1%          1
b - Passwall              Tmut/Erth      15%        N/A       4%          2
c - Stone Arrow           Conj/Erth      50%        3d10      4%          3
d - Olgreb's Toxic Radia  Pois           21%        N/A       22%         4

Your spell library contained the following spells:

 Spells                   Type           Power      Damage    Failure   Level
 Magic Dart               Conj           92%        1d7       1%          1
 Sting                    Tmut/Pois      64%        1d6       3%          1
 Poisonous Vapours        Pois/Air       26%        N/A       8%          2
 Mephitic Cloud           Conj/Pois/Air  16%        N/A       11%         3
 Animate Skeleton         Necr           8%         N/A       12%         1
 Pain                     Necr           16%        1d4       12%         1
 Blink                    Tloc           8%         N/A       19%         2
 Call Imp                 Summ           4%         N/A       19%         2
 Petrify                  Tmut/Erth      19%        N/A       26%         4
 Frozen Ramparts          Ice            8%         1d2       34%         3
 Gell's Gravitas          Tloc           4%         N/A       34%         3
 Lesser Beckoning         Tloc           4%         N/A       34%         3
 Teleport Other           Tloc           4%         N/A       34%         3
 Vampiric Draining        Necr           4%         2d6       34%         3
 Ice Form                 Ice/Tmut       8%         N/A       63%         4
 Summon Ice Beast         Ice/Summ       4%         N/A       75%         4
 Manifold Assault         Tloc           4%         N/A       97%         5
 Dispersal                Tloc           2%         N/A       100%        6


Dungeon Overview and Level Annotations

Branches:
Dungeon (6/15)             Temple (1/1) D:5

Altars:
Ashenzari
Cheibriados
Dithmenos
Elyvilon
Fedhas
Gozag
Hepliaklqana
Kikubaaqudgha
Makhleb
Nemelex Xobeh
Okawaru
Qazlal
Ru
Sif Muna
Trog
Uskayaw
Vehumet
Wu Jian
Xom
Yredelemnul
The Shining One

Shops:
D:2 ?   D:6 (

Annotations:
D:3 Grinder
D:4 Duvessa, Edmund


Innate Abilities, Weirdness & Mutations

You cannot wear most types of armour.
You are amphibious.
You can wear up to eight rings at the same time.
Your skin changes colour to match your surroundings (Stealth+).
Your rubbery body absorbs attacks. (AC +1, EV +1)
((You are camouflaged when in or above water. (Stealth+)))
You have tentacles for arms and can constrict up to eight enemies at once.


Message History

Casting: Stone Arrow (dangerous; 4% risk of failure)
Confirm with . or Enter, or press ? or * to list all spells.
Aiming: Stone Arrow (dangerous; 4% risk of failure)
Press: ? - help, Shift-Dir - straight line, f/p - Duvessa
Aim: Duvessa, wielding a +0 rapier and wearing a +2 leather armour of willpower (heavily wounded, berserk, 75% to hit)
The stone arrow misses Duvessa.
Casting: Stone Arrow (dangerous; 4% risk of failure)
Confirm with . or Enter, or press ? or * to list all spells.
Aiming: Stone Arrow (dangerous; 4% risk of failure)
Press: ? - help, Shift-Dir - straight line, f/p - Duvessa
Aim: Duvessa, wielding a +0 rapier and wearing a +2 leather armour of willpower (heavily wounded, berserk, 75% to hit)
The stone arrow hits Duvessa!
Duvessa is severely wounded.
Duvessa hits you with a +0 rapier. Duvessa hits you with a +0 rapier!
Casting: Stone Arrow (dangerous; 4% risk of failure)
Confirm with . or Enter, or press ? or * to list all spells.
Aiming: Stone Arrow (dangerous; 4% risk of failure)
Press: ? - help, Shift-Dir - straight line, f/p - Duvessa
Aim: Duvessa, wielding a +0 rapier and wearing a +2 leather armour of willpower (severely wounded, berserk, 75% to hit)
The stone arrow hits Duvessa!
Duvessa is almost dead.
Duvessa hits you with a +0 rapier!!
Casting: Stone Arrow (dangerous; 4% risk of failure)
Confirm with . or Enter, or press ? or * to list all spells.
Aiming: Sandblast (safe; 1% risk of failure)
Press: ? - help, Shift-Dir - straight line, f/p - Duvessa
Aim: Duvessa, wielding a +0 rapier and wearing a +2 leather armour of willpower (almost dead, berserk, 83% to hit)
The blast of sand hits Duvessa.
Duvessa is almost dead.
Duvessa closely misses you. Duvessa hits you with a +0 rapier!
* * * LOW HITPOINT WARNING * * *
Casting: Sandblast (safe; 1% risk of failure)
Confirm with . or Enter, or press ? or * to list all spells.
Aiming: Sandblast (safe; 1% risk of failure)
Press: ? - help, Shift-Dir - straight line, f/p - Duvessa
Aim: Duvessa, wielding a +0 rapier and wearing a +2 leather armour of willpower (almost dead, berserk, 83% to hit)
The blast of sand hits Duvessa.
Duvessa is almost dead.
Duvessa hits you with a +0 rapier!
You die...

####.........## #..#########
............## ##.....<...##
............## #..........###
##...#####...### #########....##
##### ##....## #....... ##....#
#.#....# #### ###:.# ####'####.#
#..## ##..#######.......#..
....## ######..e@....##.......##.
###..###........#.##.+.........'.
# ###...###.#####.# ##.........##
# #.### #'#...#'# #...........#
#.# ###.......#####.......### #'#
#...........#.#'#...#'#.# #
#...##.........##...#####...# #
.....'.........'......#...... ###
.....##....)..##......#......


You could see Duvessa (berserk).

Vanquished Creatures
  An ogre (D:4)
  Blork the orc (D:4)
  3 scorpions
  Dowan (D:4)
  5 wights
  A centaur zombie (D:5)
  Crazy Yiuf (D:3)
  2 hounds (D:5)
  An orc priest (D:5)
  A jelly (D:5)
  Natasha (thrice) (D:3)
  3 iguanas
  Ijyb (D:3)
  2 orc wizards (D:5)
  A killer bee zombie (D:5)
  8 gnolls (D:3)
  9 adders
  A shadow imp (D:5)
  An adder skeleton (D:5)
  A worm (D:2)
  5 orcs
  10 endoplasms
  5 giant cockroaches
  4 goblins
  5 hobgoblins
  6 kobolds
  6 quokkas
  6 ball pythons
  5 bats
  5 frilled lizards
  5 rats
109 creatures vanquished.

Notes
Turn   | Place    | Note
-------+----------+-------------------------------------------
     0 | D:1      | TrogsFancyHat the Octopode Earth Elementalist began the
                  | quest for the Orb.
     0 | D:1      | Reached XP level 1. HP: 11/11 MP: 3/3
   222 | D:1      | Reached XP level 2. HP: 17/17 MP: 5/5
   731 | D:1      | Learned a level 2 spell: Passwall
   751 | D:2      | Found a faded altar of an unknown god.
   755 | D:2      | Noticed a scorpion
   770 | D:2      | Reached XP level 3. HP: 21/21 MP: 6/6
   774 | D:2      | Learned a level 3 spell: Stone Arrow
  1207 | D:2      | Reached XP level 4. HP: 26/27 MP: 4/7
  1264 | D:2      | Found Riterama's Magic Scroll Boutique.
  1269 | D:2      | Bought a scroll of identify for 20 gold pieces
  1743 | D:3      | Reached skill level 1 in Conjurations
  1838 | D:3      | Found a runed translucent door.
  1839 | D:3      | Noticed Crazy Yiuf
  1884 | D:3      | Noticed Grinder
  1910 | D:3      | Noticed Natasha
  1920 | D:3      | Killed Natasha
  2071 | D:3      | Reached XP level 5. HP: 24/31 MP: 7/9
  2343 | D:3      | Noticed Natasha
  2499 | D:3      | Killed Natasha
  2500 | D:3      | Reached skill level 4 in Earth Magic
  2524 | D:3      | Noticed Natasha
  2527 | D:3      | Killed Natasha
  2761 | D:3      | Noticed Ijyb
  2772 | D:3      | Killed Ijyb
  2773 | D:3      | Reached XP level 6. HP: 23/36 MP: 2/11
  3174 | D:4      | Noticed Dowan
  3310 | D:4      | Noticed Edmund
  3593 | D:4      | Noticed Duvessa
  3650 | D:4      | Noticed Blork the orc
  3655 | D:4      | Killed Blork the orc
  4157 | D:5      | Entered Level 5 of the Dungeon
  4169 | D:5      | Reached XP level 7. HP: 36/41 MP: 10/13
  4248 | D:4      | Reached skill level 5 in Earth Magic
  4406 | D:2      | Learned a level 4 spell: Olgreb's Toxic Radiance
  4468 | D:3      | Killed Crazy Yiuf
  4614 | D:5      | Reached skill level 1 in Poison Magic
  4777 | D:5      | Reached skill level 1 in Fighting
  4978 | D:5      | Found a staircase to the Ecumenical Temple.
  4989 | D:5      | Reached XP level 8. HP: 43/48 MP: 11/14
  4991 | Temple   | Entered the Ecumenical Temple
  5673 | Temple   | Became a worshipper of Vehumet
  6257 | D:6      | Found Cal Ippo's Weapon Shoppe.
  6581 | D:4      | Killed Dowan
  6652 | D:4      | Mangled by Duvessa

Illustrated notes

Levels and vault maps discovered:
D:1:      erik_arrival_orb_chamber, layout_basic
D:2:      layout_basic, serial_shops, shop_statue, nicolae_ecumenical_pavilion
D:3:      layout_rooms, amcnicky_mini_corridor_feature, uniq_crazy_yiuf_cottage,
          uniq_natasha, uniq_grinder, uniq_ijyb
D:4:      nicolae_cairo_tiling_very_big, layout_layer_cave, minmay_statues_item,
          uniq_blork_the_orc, uniq_duvessa, uniq_edmund
D:5:      layout_rooms, minmay_temple_entry_waves, nicolae_zen_rock_garden
D:6:      layout_basic, gammafunk_ghost_abyssal_escape, serial_shops,
          nicolae_shop_bloodbath_and_beyond
Temple:   nicolae_temple_the_god_donut

Skill      XL: |  1  2  3  4  5  6  7  8 |
---------------+-------------------------+-----
Stealth        | 3 |  3.3
Conjurations   | 1 2 3 4 |  4.5
Spellcasting   | 3 4 |  4.9
Earth Magic    | 4 5 |  5.8
Poison Magic   | 2 4 |  4.1
Fighting       | 1 2 |  2.2
Dodging        | |  2.4
Transmutations | |  1.5

Action                   |  1- 3 |  4- 6 |  7- 9 || total
-------------------------+-------+-------+-------++-------
Melee: Dagger            |    32 |       |       ||    32
       Constrict         |    10 |    12 |     7 ||    29
       Tentacles         |     9 |    14 |     4 ||    27
       Punch             |     1 |       |       ||     1
       Short sword       |     8 |    25 |       ||    33
       Whip              |       |    15 |       ||    15
       Battleaxe         |       |     3 |    21 ||    24
 Cast: Sandblast         |    19 |    53 |    20 ||    92
       Stone Arrow       |       |     3 |    30 ||    33
 Stab: Sleeping          |    11 |    10 |     2 ||    23
Armor: Skin              |     4 |     6 |     2 ||    12
Dodge: Dodged            |    22 |    45 |    28 ||    95

Table legend: (Time is in decaauts)
 A = Elapsed time spent in this place.
 B = Non-inter-level travel time spent in this place.
 C = Inter-level travel time spent in this place.
 D = Time resting spent in this place.
 E = Time spent auto-exploring this place.
 F = Levels seen in this place.
 G = Mean time per level.
                   A        B        C        D        E       F      G
               +--------+--------+--------+--------+--------+-----+--------+
         Total |   6654 |   6292 |    362 |    452 |   4610 |   7 |  950.6 |
       Dungeon |   5873 |   5523 |    350 |    370 |   3991 |   6 |  978.8 |
        Temple |    780 |    768 |     12 |     82 |    619 |   1 |  780.0 |
               +--------+--------+--------+--------+--------+-----+--------+

Top non-repeatable levels by time:
     D:2: 1428 daAuts
     D:4: 1325 daAuts
     D:3: 1228 daAuts
     D:5: 1069 daAuts
  Temple: 780 daAuts
     D:1: 750 daAuts
     D:6: 71 daAuts
